WCHLSIM.com - West Coast Hockey League
html PUBLIC "-//W3C//DTD XHTML 1.0 Transitional//EN" "http://www.w3.org/TR/xhtml1/DTD/xhtml1-transitional.dtd"> WCHL - Game 680 - LAS VEGAS LIZARD KINGS vs SAN DIEGO THUNDER

LAS VEGAS LIZARD KINGS vs SAN DIEGO THUNDER

Created - 24 janvier 2023 at 09:00

Goals
1 2 3 OT1 T
LAS VEGAS LIZARD KINGS 1 1 1 0 3
SAN DIEGO THUNDER 1 0 2 1 4
Shots
1 2 3 OT1 T
LAS VEGAS LIZARD KINGS 10 5 4 0 19
SAN DIEGO THUNDER 11 2 10 2 25

1st period

1. SAN DIEGO THUNDER , Drake Batherson 12 (Jordan Greenway 9, Logan Couture 23) at 8:53
2. LAS VEGAS LIZARD KINGS , Ryan Nugent-Hopkins 17 (Johnny Gaudreau 29, Nino Niederreiter 18) at 9:45

Penalties :
Blake Coleman (SDG) for Tripping (Minor) at 1:12, Alexandre Carrier (SDG) for Interference (Minor) at 10:38

2nd period

3. LAS VEGAS LIZARD KINGS , Zemgus Girgensons 6 (John Marino 7, Brandon Hagel 9) at 15:38

Penalties :
Erik Cernak (SDG) for Tripping (Minor) at 9:24

3rd period

4. SAN DIEGO THUNDER , Drake Batherson 13 (Alexandre Carrier 14, Logan Couture 24) at 4:39 (PP)
5. LAS VEGAS LIZARD KINGS , Brandon Hagel 10 (Sean Monahan 9, Matt Roy 4) at 7:19
6. SAN DIEGO THUNDER , Mark Scheifele 24 (Brandon Saad 7) at 9:41

Penalties :
Jeff Carter (LVG) for Tripping (Minor) at 3:12

Overtime #1

7. SAN DIEGO THUNDER , Mark Scheifele 25 (Charles McAvoy 32) at 2:24

Penalties :
No Penalty

Goalie Stats

Mikko Koskinen (LVG), 21 saves from 25 shots - (0,840), OTL, 14-12-5, 62:25 minutes
Connor Hellebuyck (SDG), 16 saves from 19 shots - (0,842), W, 24-13-2, 62:25 minutes

Players Stats for LAS VEGAS LIZARD KINGS

Player Name              G  A  P  +/- PIM S  H  SB GA TA FO     MP     PP MP  PK MP  
------------------------------------------------------------------------------------
Andrew Cogliano          0  0  0   0  0   1  0  0  0  0  0/0     6:45   0:00   0:00 
Brandon Hagel            1  1  2   2  0   3  0  0  0  0  1/2    12:10   0:00   0:42 
Brayden McNabb           0  0  0   0  0   1  1  2  0  0  0/0    22:01   0:00   0:25 
Dylan Gambrell           0  0  0   0  0   0  0  0  0  0  4/8     7:16   0:31   0:00 
Evan Rodrigues           0  0  0  -1  0   4  0  0  0  0  2/3    19:56   3:12   0:20 
Jack Johnson             0  0  0   1  0   0  1  1  0  0  0/0    15:48   0:00   0:00 
Jeff Carter              0  0  0  -1  2   2  1  0  0  0  5/12   19:35   3:12   0:00 
John Klingberg           0  0  0  -1  0   0  0  0  0  0  0/0    23:52   3:08   0:25 
John Marino              0  1  1   1  0   1  0  2  0  0  0/0    18:56   3:08   0:00 
Johnny Gaudreau          0  1  1   0  0   1  0  0  0  0  1/1    22:35   2:45   0:00 
Matt Roy                 0  1  1   0  0   1  2  1  0  0  0/0    20:54   2:49   1:02 
Matthew Nieto            0  0  0   0  0   0  0  0  0  0  0/0     6:45   0:00   0:00 
Nick Leddy               0  0  0   0  0   0  1  0  0  0  0/0    20:54   2:49   1:02 
Nino Niederreiter        0  1  1  -1  0   1  3  0  0  0  1/2    21:14   2:41   0:00 
Ryan Nugent-Hopkins      1  0  1   0  0   2  0  1  0  0  15/24  23:42   2:45   1:07 
Sean Monahan             0  1  1   2  0   0  1  0  0  0  3/6    11:53   0:00   0:25 
Victor Olofsson          0  0  0  -2  0   0  0  0  0  0  0/2    19:43   2:45   0:00 
Zemgus Girgensons        1  0  1   2  0   2  1  0  0  0  0/0    11:48   0:00   0:20 

Players Stats for SAN DIEGO THUNDER

Player Name              G  A  P  +/- PIM S  H  SB GA TA FO     MP     PP MP  PK MP  
------------------------------------------------------------------------------------
Adam Boqvist             0  0  0   0  0   0  0  0  0  0  0/0     4:06   0:25   0:32 
Alexandre Carrier        0  1  1   1  2   0  3  2  0  0  0/0    19:32   0:25   0:46 
Aliaksei Protas          0  0  0  -1  0   1  0  0  0  0  2/6     8:24   0:00   1:55 
Austin Czarnik           0  0  0  -1  0   0  0  0  0  0  0/1     5:41   0:00   0:00 
Blake Coleman            0  0  0  -1  2   1  1  0  0  0  6/16   15:16   0:00   2:16 
Brandon Saad             0  1  1   1  0   2  0  0  0  0  1/1    19:32   1:02   0:00 
Charles McAvoy           0  1  1   2  0   0  1  1  0  0  0/0    23:28   1:02   2:57 
Connor Murphy            0  0  0  -1  0   2  0  1  0  0  0/0    22:30   1:02   3:00 
Derek Forbort            0  0  0  -1  0   0  7  2  0  0  0/0    16:25   0:00   2:14 
Drake Batherson          2  0  2   1  0   4  1  0  0  0  1/2    19:02   0:25   0:50 
Erik Cernak              0  0  0  -1  2   0  2  3  0  0  0/0    21:30   0:00   1:44 
Isac Lundestrom          0  0  0  -2  0   4  0  0  0  0  0/0    17:56   0:00   0:00 
Jordan Greenway          0  1  1   0  0   1  3  0  0  0  0/0    17:05   0:25   0:00 
Karson Kuhlman           0  0  0  -1  0   0  1  0  0  0  0/0    13:01   0:00   0:00 
Logan Couture            0  2  2   0  0   5  0  0  0  0  10/13  17:53   0:25   0:00 
Marcus Foligno           0  0  0   1  0   2  5  1  0  0  0/0    22:48   1:02   4:02 
Mark Scheifele           2  0  2   2  0   3  0  0  0  0  8/21   22:14   1:02   2:51 
Zachary Jones            0  0  0  -1  0   0  1  0  0  0  0/0    14:52   0:00   0:41 

3 Stars

1 - Mark Scheifele (SDG)
2 - Drake Batherson (SDG)
3 - Brandon Hagel (LVG)

Power Play

LAS VEGAS LIZARD KINGS - 0 on 3 Attempt(s) - 0,00%
SAN DIEGO THUNDER - 1 on 1 Attempt(s) - 100,00%

Penalty Kill

LAS VEGAS LIZARD KINGS - 0 on 1 Attempt(s) - 0,00% - Score 0 goal in Penalty Kill
SAN DIEGO THUNDER - 3 on 3 Attempt(s) - 100,00% - Score 0 goal in Penalty Kill

Team Stat

LAS VEGAS LIZARD KINGS - Hits : 11 - Faceoff Wins : 32 - Blocked Shots : 7 - Penalty Minutes : 2
SAN DIEGO THUNDER - Hits : 25 - Faceoff Wins : 28 - Blocked Shots : 10 - Penalty Minutes : 6

Official

Referees : Kelly Sutherland and Brandon Schrader
Linesman : Jonny Murray and Steven Berry

Game Notes

No Game Note

Finance

Level 1 -- Attendance: 5473 (87,29%) -- Ticket Income 957 775 $
Level 2 -- Attendance: 5241 (98,52%) -- Ticket Income 628 920 $
Level 3 -- Attendance: 2090 (100,00%) -- Ticket Income 209 000 $
Level 4 -- Attendance: 4058 (93,94%) -- Ticket Income 284 060 $
Luxury Box -- Attendance: 1000 (100,00%) -- Ticket Income 300 000 $
Total Attendance: 17862 (94,01%)
Total Ticket Income: 2 379 755 $
Other Expense: 23 798 $
Total Income: 2 355 957 $

LAS VEGAS LIZARD KINGS

5 vs 5 Forward 
   Center                   Left Wing                Right Wing               Time % Phy DF OF 
 1 Ryan Nugent-Hopkins      Johnny Gaudreau          Nino Niederreiter        36     0   2  3  
 2 Jeff Carter              Evan Rodrigues           Victor Olofsson          31     0   2  3  
 3 Sean Monahan             Brandon Hagel            Zemgus Girgensons        23     1   3  1  
 4 Dylan Gambrell           Andrew Cogliano          Matthew Nieto            10     1   3  1  

5 vs 5 Defense 
   Defense                  Defense                                           Time % Phy DF OF 
 1 Brayden McNabb           John Klingberg                                    36     1   2  2  
 2 Nick Leddy               Matt Roy                                          31     1   2  2  
 3 John Marino              Jack Johnson                                      23     1   2  2  
 4 Brayden McNabb           John Klingberg                                    10     1   2  2  

PowerPlay Forward 
   Center                   Left Wing                Right Wing               Time % Phy DF OF 
 1 Ryan Nugent-Hopkins      Johnny Gaudreau          Victor Olofsson          55     0   0  5  
 2 Jeff Carter              Evan Rodrigues           Nino Niederreiter        45     0   0  5  

PowerPlay Defense
   Defense                  Defense                                           Time % Phy DF OF 
 1 John Marino              John Klingberg                                    55     0   0  5  
 2 Nick Leddy               Matt Roy                                          45     0   0  5  

Penalty Kill 4 Players Forward 
   Center                   Wing                     Time % Phy DF OF 
 1 Ryan Nugent-Hopkins      Brandon Hagel            55     1   4  0  
 2 Evan Rodrigues           Zemgus Girgensons        45     1   4  0  

Penalty Kill 4 Players Defense
   Defense                  Defense                  Time % Phy DF OF 
 1 Brayden McNabb           John Klingberg           55     1   4  0  
 2 Nick Leddy               Matt Roy                 45     1   4  0  

Penalty Kill - 3 Players Forward 
   Forward                                           Time % Phy DF OF 
 1 Zemgus Girgensons                                 55     1   2  2  
 2 Evan Rodrigues                                    45     1   2  2  

Penalty Kill - 3 Players Defense
   Defense                  Defense                  Time % Phy DF OF 
 1 Brayden McNabb           John Klingberg           55     1   2  2  
 2 Nick Leddy               Matt Roy                 45     1   2  2  

4 vs 4 Forward 
   Center                   Wing                     Time % Phy DF OF 
 1 Johnny Gaudreau          Ryan Nugent-Hopkins      55     1   2  2  
 2 Jeff Carter              Evan Rodrigues           45     1   2  2  

4 vs 4 Defense
   Defense                  Defense                  Time % Phy DF OF 
 1 Brayden McNabb           John Klingberg           55     1   2  2  
 2 Nick Leddy               Matt Roy                 45     1   2  2  

Last Minutes Offensive
   Center                   Left Wing                Right Wing               Defense                  Defense                  
   Ryan Nugent-Hopkins      Johnny Gaudreau          Nino Niederreiter        Brayden McNabb           John Klingberg           

Last Minutes Defensive
   Center                   Left Wing                Right Wing               Defense                  Defense                  
   Ryan Nugent-Hopkins      Johnny Gaudreau          Nino Niederreiter        Brayden McNabb           John Klingberg           

Goaltenders
Starting : Mikko Koskinen           
Backup : Spencer Knight           

Extra Forwards
Normal : Evan Rodrigues, Jeff Carter, Sean Monahan - PP : Evan Rodrigues, Nino Niederreiter - PK : Sean Monahan
Extra Defensemen
Normal : John Marino, Jack Johnson, Nick Leddy - PP : John Marino - PK : Jack Johnson, Nick Leddy
Penalty Shots
Johnny Gaudreau, Ryan Nugent-Hopkins, Nino Niederreiter, Jeff Carter, Evan Rodrigues
Custom OT Lines Forwards
Johnny Gaudreau, Ryan Nugent-Hopkins, Nino Niederreiter, Victor Olofsson, Evan Rodrigues, Jeff Carter, Brandon Hagel, Sean Monahan, Zemgus Girgensons, Matthew Nieto
Custom OT Lines Defensemen
Brayden McNabb, John Klingberg, Nick Leddy, Matt Roy, John Marino

Scratches
None

SAN DIEGO THUNDER

5 vs 5 Forward 
   Center                   Left Wing                Right Wing               Time % Phy DF OF 
 1 Mark Scheifele           Marcus Foligno           Brandon Saad             34     0   3  2  
 2 Logan Couture            Jordan Greenway          Drake Batherson          31     0   2  3  
 3 Blake Coleman            Isac Lundestrom          Karson Kuhlman           29     0   3  2  
 4 Aliaksei Protas          Isac Lundestrom          Austin Czarnik           6      0   4  1  

5 vs 5 Defense 
   Defense                  Defense                                           Time % Phy DF OF 
 1 Charles McAvoy           Alexandre Carrier                                 38     0   2  3  
 2 Connor Murphy            Erik Cernak                                       36     0   2  3  
 3 Derek Forbort            Zachary Jones                                     26     0   3  2  
 4 Adam Boqvist             Erik Cernak                                       0      0   2  3  

PowerPlay Forward 
   Center                   Left Wing                Right Wing               Time % Phy DF OF 
 1 Mark Scheifele           Brandon Saad             Marcus Foligno           55     0   0  5  
 2 Logan Couture            Jordan Greenway          Drake Batherson          45     0   0  5  

PowerPlay Defense
   Defense                  Defense                                           Time % Phy DF OF 
 1 Connor Murphy            Charles McAvoy                                    55     0   1  4  
 2 Adam Boqvist             Alexandre Carrier                                 45     0   1  4  

Penalty Kill 4 Players Forward 
   Center                   Wing                     Time % Phy DF OF 
 1 Blake Coleman            Marcus Foligno           60     0   4  1  
 2 Mark Scheifele           Aliaksei Protas          40     0   4  1  

Penalty Kill 4 Players Defense
   Defense                  Defense                  Time % Phy DF OF 
 1 Derek Forbort            Connor Murphy            55     0   5  0  
 2 Charles McAvoy           Erik Cernak              45     0   5  0  

Penalty Kill - 3 Players Forward 
   Forward                                           Time % Phy DF OF 
 1 Blake Coleman                                     55     0   5  0  
 2 Marcus Foligno                                    45     0   5  0  

Penalty Kill - 3 Players Defense
   Defense                  Defense                  Time % Phy DF OF 
 1 Charles McAvoy           Connor Murphy            55     0   4  1  
 2 Derek Forbort            Erik Cernak              45     0   4  1  

4 vs 4 Forward 
   Center                   Wing                     Time % Phy DF OF 
 1 Mark Scheifele           Logan Couture            55     0   2  3  
 2 Logan Couture            Drake Batherson          45     0   2  3  

4 vs 4 Defense
   Defense                  Defense                  Time % Phy DF OF 
 1 Charles McAvoy           Derek Forbort            55     0   2  3  
 2 Connor Murphy            Erik Cernak              45     0   2  3  

Last Minutes Offensive
   Center                   Left Wing                Right Wing               Defense                  Defense                  
   Mark Scheifele           Brandon Saad             Drake Batherson          Charles McAvoy           Connor Murphy            

Last Minutes Defensive
   Center                   Left Wing                Right Wing               Defense                  Defense                  
   Blake Coleman            Marcus Foligno           Brandon Saad             Charles McAvoy           Connor Murphy            

Goaltenders
Starting : Connor Hellebuyck        
Backup : Thomas Greiss            

Extra Forwards
Normal : Mark Scheifele, Drake Batherson, Logan Couture - PP : Mark Scheifele, Drake Batherson - PK : Mark Scheifele
Extra Defensemen
Normal : Connor Murphy, Charles McAvoy, Erik Cernak - PP : Charles McAvoy - PK : Connor Murphy, Charles McAvoy
Penalty Shots
Mark Scheifele, Drake Batherson, Blake Coleman, Logan Couture, Brandon Saad
Custom OT Lines Forwards
Mark Scheifele, Drake Batherson, Aliaksei Protas, Logan Couture, Marcus Foligno, Brandon Saad, Jordan Greenway, Blake Coleman, Isac Lundestrom, Austin Czarnik
Custom OT Lines Defensemen
Charles McAvoy, Connor Murphy, Erik Cernak, Alexandre Carrier, Zachary Jones

Scratches
Evander Kane (Bruised Right Arm Injury), Riley Stillman (Sprained Right Ankle Injury)

% Time on Ice - LAS VEGAS LIZARD KINGS

Lines # - Real PCT - Wanted PCT - Time Play
Normal Forward
1 - 34% - 36% - 17:59
2 - 31% - 31% - 16:24
3 - 22% - 23% - 11:28
4 - 13% - 10% - 6:45
Normal Defense
1 - 33% - 36% - 17:29
2 - 32% - 31% - 17:03
3 - 30% - 23% - 15:48
4 - 4% - 10% - 2:16
PP Forward
1 - 46% - 55% - 2:45
2 - 54% - 45% - 3:12
PP Defense
1 - 53% - 55% - 3:08
2 - 47% - 45% - 2:49
PK Forward
1 - 77% - 55% - 1:07
2 - 23% - 45% - 0:20
PK Defense
1 - 29% - 55% - 0:25
2 - 71% - 45% - 1:02
PK3 Forward
1 - 0% - 55%
2 - 0% - 45%
PK3 Defense
1 - 0% - 55%
2 - 0% - 45%
44 Forward
1 - 0% - 55%
2 - 0% - 45%
44 Defense
1 - 0% - 55%
2 - 0% - 45%
Last Minute Offensive  - 0:00
Last Minute Defensive  - 0:00
Total
Forward - 60:00
Defense - 60:00

% Time on Ice - SAN DIEGO THUNDER

Lines # - Real PCT - Wanted PCT - Time Play
Normal Forward
1 - 33% - 34% - 17:14
2 - 32% - 31% - 16:40
3 - 25% - 29% - 13:01
4 - 11% - 6% - 5:41
Normal Defense
1 - 35% - 38% - 18:22
2 - 32% - 36% - 16:54
3 - 27% - 26% - 14:11
4 - 6% - 0% - 3:09
PP Forward
1 - 71% - 55% - 1:02
2 - 29% - 45% - 0:25
PP Defense
1 - 71% - 55% - 1:02
2 - 29% - 45% - 0:25
PK Forward
1 - 68% - 60% - 4:02
2 - 32% - 40% - 1:55
PK Defense
1 - 38% - 55% - 2:14
2 - 62% - 45% - 3:43
PK3 Forward
1 - 0% - 55%
2 - 0% - 45%
PK3 Defense
1 - 0% - 55%
2 - 0% - 45%
44 Forward
1 - 0% - 55%
2 - 0% - 45%
44 Defense
1 - 0% - 55%
2 - 0% - 45%
Last Minute Offensive  - 0:00
Last Minute Defensive  - 0:00
Total
Forward - 60:00
Defense - 60:00

Play-by-Play

1st period


0:01 of 1st period - Ryan Nugent-Hopkins wins face-off versus Mark Scheifele in neutral zone.
0:26 of 1st period - Shot by Johnny Gaudreau.
0:26 of 1st period - Shot Misses the Net.
0:43 of 1st period - Shot by Marcus Foligno.
0:43 of 1st period - Stopped by Mikko Koskinen without a rebound.
0:44 of 1st period - Logan Couture wins face-off versus Jeff Carter in LAS VEGAS LIZARD KINGS zone.
0:45 of 1st period - Shot by Drake Batherson.
0:45 of 1st period - Stopped by Mikko Koskinen without a rebound.
0:46 of 1st period - Blake Coleman wins face-off versus Jeff Carter in LAS VEGAS LIZARD KINGS zone.
1:12 of 1st period - Minor Penalty to Blake Coleman for Tripping.
1:13 of 1st period - Ryan Nugent-Hopkins wins face-off versus Mark Scheifele in SAN DIEGO THUNDER zone.
2:34 of 1st period - Icing by Nino Niederreiter.
2:35 of 1st period - Evan Rodrigues wins face-off versus Drake Batherson in LAS VEGAS LIZARD KINGS zone.
3:17 of 1st period - Shot by Blake Coleman.
3:17 of 1st period - Shot Misses the Net.
3:48 of 1st period - Brandon Hagel is hit by Alexandre Carrier and loses puck.
4:05 of 1st period - Logan Couture is hit by Zemgus Girgensons.
4:13 of 1st period - Shot by Logan Couture.
4:13 of 1st period - Stopped by Mikko Koskinen without a rebound.
4:14 of 1st period - Mark Scheifele wins face-off versus Dylan Gambrell in LAS VEGAS LIZARD KINGS zone.
4:17 of 1st period - Shot by Marcus Foligno.
4:17 of 1st period - Deflect By Mark Scheifele.
4:17 of 1st period - Shot Misses the Net.
4:29 of 1st period - Shot by Mark Scheifele.
4:29 of 1st period - Shot Misses the Net.
5:22 of 1st period - Evan Rodrigues is hit by Jordan Greenway.
5:23 of 1st period - Icing by Evan Rodrigues.
5:24 of 1st period - Jeff Carter wins face-off versus Logan Couture in LAS VEGAS LIZARD KINGS zone.
5:26 of 1st period - Icing by Evan Rodrigues.
5:27 of 1st period - Logan Couture wins face-off versus Jeff Carter in LAS VEGAS LIZARD KINGS zone.
6:26 of 1st period - Shot by Brayden McNabb.
6:26 of 1st period - Stopped by Connor Hellebuyck without a rebound.
6:27 of 1st period - Sean Monahan wins face-off versus Blake Coleman in SAN DIEGO THUNDER zone.
6:50 of 1st period - Shot by Isac Lundestrom.
6:50 of 1st period - Stopped by Mikko Koskinen without a rebound.
6:51 of 1st period - Ryan Nugent-Hopkins wins face-off versus Mark Scheifele in LAS VEGAS LIZARD KINGS zone.
6:51 of 1st period - Ryan Nugent-Hopkins is hit by Marcus Foligno.
7:07 of 1st period - Shot by Nino Niederreiter.
7:07 of 1st period - Shot Misses the Net.
8:27 of 1st period - Shot by Jeff Carter.
8:27 of 1st period - Stopped by Connor Hellebuyck with a rebound.
8:40 of 1st period - Charles McAvoy is hit by Jeff Carter and loses puck.
8:49 of 1st period - Icing by Jeff Carter.
8:50 of 1st period - Logan Couture wins face-off versus Jeff Carter in LAS VEGAS LIZARD KINGS zone.
8:53 of 1st period - Shot by Drake Batherson.
8:53 of 1st period - Goal by Drake Batherson - LAS VEGAS LIZARD KINGS : 0 - SAN DIEGO THUNDER : 1.
8:54 of 1st period - Logan Couture wins face-off versus Ryan Nugent-Hopkins in neutral zone.
8:57 of 1st period - Shot by Logan Couture.
8:57 of 1st period - Deflect By Drake Batherson.
8:57 of 1st period - Shot Blocked by Brayden McNabb.
9:00 of 1st period - Icing by Brayden McNabb.
9:01 of 1st period - Logan Couture wins face-off versus Ryan Nugent-Hopkins in LAS VEGAS LIZARD KINGS zone.
9:08 of 1st period - Shot by Drake Batherson.
9:08 of 1st period - Shot Misses the Net.
9:27 of 1st period - Ryan Nugent-Hopkins is hit by Derek Forbort and loses puck.
9:41 of 1st period - Nino Niederreiter is hit by Derek Forbort.
9:45 of 1st period - Shot by Ryan Nugent-Hopkins.
9:45 of 1st period - Goal by Ryan Nugent-Hopkins - LAS VEGAS LIZARD KINGS : 1 - SAN DIEGO THUNDER : 1.
9:46 of 1st period - Brandon Hagel wins face-off versus Aliaksei Protas in neutral zone.
9:57 of 1st period - Shot by Aliaksei Protas.
9:57 of 1st period - Shot Misses the Net.
10:15 of 1st period - Shot by Brandon Hagel.
10:15 of 1st period - Shot Blocked by Connor Murphy.
10:17 of 1st period - Shot by John Marino.
10:17 of 1st period - Shot Misses the Net.
10:19 of 1st period - Shot by Zemgus Girgensons.
10:19 of 1st period - Stopped by Connor Hellebuyck without a rebound.
10:20 of 1st period - Evan Rodrigues wins face-off versus Mark Scheifele in SAN DIEGO THUNDER zone.
10:38 of 1st period - Minor Penalty to Alexandre Carrier for Interference.
10:39 of 1st period - Blake Coleman wins face-off versus Victor Olofsson in SAN DIEGO THUNDER zone.
11:20 of 1st period - Shot by Johnny Gaudreau.
11:20 of 1st period - Stopped by Connor Hellebuyck without a rebound.
11:21 of 1st period - Jeff Carter wins face-off versus Mark Scheifele in SAN DIEGO THUNDER zone.
12:31 of 1st period - Shot by Johnny Gaudreau.
12:31 of 1st period - Shot Blocked by Charles McAvoy.
12:33 of 1st period - Shot by John Marino.
12:33 of 1st period - Stopped by Connor Hellebuyck without a rebound.
12:34 of 1st period - Ryan Nugent-Hopkins wins face-off versus Mark Scheifele in SAN DIEGO THUNDER zone.
12:40 of 1st period - Ryan Nugent-Hopkins is hit by Charles McAvoy.
13:18 of 1st period - Shot by Logan Couture.
13:18 of 1st period - Stopped by Mikko Koskinen without a rebound.
13:19 of 1st period - Ryan Nugent-Hopkins wins face-off versus Aliaksei Protas in LAS VEGAS LIZARD KINGS zone.
13:24 of 1st period - Shot by Aliaksei Protas.
13:24 of 1st period - Stopped by Mikko Koskinen with a rebound.
13:26 of 1st period - Shot by Connor Murphy.
13:26 of 1st period - Stopped by Mikko Koskinen with a rebound.
13:28 of 1st period - Shot by Connor Murphy.
13:28 of 1st period - Deflect By Isac Lundestrom.
13:28 of 1st period - Stopped by Mikko Koskinen without a rebound.
13:29 of 1st period - Ryan Nugent-Hopkins wins face-off versus Mark Scheifele in LAS VEGAS LIZARD KINGS zone.
13:29 of 1st period - Ryan Nugent-Hopkins is hit by Marcus Foligno.
13:36 of 1st period - Shot by Mark Scheifele.
13:36 of 1st period - Deflect By Brandon Saad.
13:36 of 1st period - Stopped by Mikko Koskinen without a rebound.
13:37 of 1st period - Ryan Nugent-Hopkins wins face-off versus Blake Coleman in LAS VEGAS LIZARD KINGS zone.
13:57 of 1st period - Off-side.
13:58 of 1st period - Mark Scheifele wins face-off versus Jeff Carter in neutral zone.
14:08 of 1st period - Shot by Brandon Saad.
14:08 of 1st period - Stopped by Mikko Koskinen without a rebound.
14:09 of 1st period - Ryan Nugent-Hopkins wins face-off versus Logan Couture in LAS VEGAS LIZARD KINGS zone.
14:11 of 1st period - Johnny Gaudreau is hit by Drake Batherson and loses puck.
15:09 of 1st period - Icing by Brayden McNabb.
15:10 of 1st period - Ryan Nugent-Hopkins wins face-off versus Mark Scheifele in LAS VEGAS LIZARD KINGS zone.
15:10 of 1st period - Ryan Nugent-Hopkins is hit by Marcus Foligno.
15:28 of 1st period - Shot by Jeff Carter.
15:28 of 1st period - Stopped by Connor Hellebuyck with a rebound.
15:30 of 1st period - Shot by Matt Roy.
15:30 of 1st period - Stopped by Connor Hellebuyck with a rebound.
15:42 of 1st period - Shot by Victor Olofsson.
15:42 of 1st period - Shot Misses the Net.
16:40 of 1st period - Shot by Isac Lundestrom.
16:40 of 1st period - Shot Blocked by Jack Johnson.
16:42 of 1st period - Shot by Zachary Jones.
16:42 of 1st period - Shot Misses the Net.
17:08 of 1st period - Shot by Drake Batherson.
17:08 of 1st period - Shot Blocked by John Marino.
17:32 of 1st period - Shot by Logan Couture.
17:32 of 1st period - Shot Blocked by John Marino.
18:09 of 1st period - Icing by Adam Boqvist.
18:10 of 1st period - Ryan Nugent-Hopkins wins face-off versus Aliaksei Protas in SAN DIEGO THUNDER zone.
18:19 of 1st period - Erik Cernak is hit by Nino Niederreiter.
18:20 of 1st period - Off-side.
18:21 of 1st period - Jeff Carter wins face-off versus Mark Scheifele in neutral zone.
18:23 of 1st period - Evan Rodrigues is hit by Derek Forbort and loses puck.
18:39 of 1st period - Jeff Carter is hit by Derek Forbort and loses puck.
18:44 of 1st period - Shot by Evan Rodrigues.
18:44 of 1st period - Shot Misses the Net.
18:46 of 1st period - Shot by Evan Rodrigues.
18:46 of 1st period - Shot Blocked by Derek Forbort.
18:48 of 1st period - Shot by Evan Rodrigues.
18:48 of 1st period - Stopped by Connor Hellebuyck without a rebound.
18:49 of 1st period - Logan Couture wins face-off versus Ryan Nugent-Hopkins in SAN DIEGO THUNDER zone.
18:49 of 1st period - Logan Couture is hit by Nino Niederreiter.
19:02 of 1st period - Ryan Nugent-Hopkins is hit by Jordan Greenway and loses puck.
19:08 of 1st period - Shot by Nino Niederreiter.
19:08 of 1st period - Shot Blocked by Alexandre Carrier.
19:20 of 1st period - Shot by Ryan Nugent-Hopkins.
19:20 of 1st period - Stopped by Connor Hellebuyck without a rebound.
19:21 of 1st period - Dylan Gambrell wins face-off versus Blake Coleman in SAN DIEGO THUNDER zone.
19:33 of 1st period - Karson Kuhlman is hit by Nick Leddy and loses puck.
19:59 of 1st period - Karson Kuhlman is hit by Matt Roy and loses puck.
Goals for this period are 1 for LAS VEGAS LIZARD KINGS vs 1 for SAN DIEGO THUNDER.
Shots for this period are 10 for LAS VEGAS LIZARD KINGS vs 11 for SAN DIEGO THUNDER.

2nd period


0:01 of 2nd period - Brandon Saad wins face-off versus Nino Niederreiter in neutral zone.
0:39 of 2nd period - Icing by Erik Cernak.
0:40 of 2nd period - Jeff Carter wins face-off versus Mark Scheifele in SAN DIEGO THUNDER zone.
1:13 of 2nd period - Shot by Evan Rodrigues.
1:13 of 2nd period - Deflect By Jeff Carter.
1:13 of 2nd period - Shot Blocked by Alexandre Carrier.
1:29 of 2nd period - Matt Roy is hit by Blake Coleman and loses puck.
3:05 of 2nd period - Shot by Andrew Cogliano.
3:05 of 2nd period - Stopped by Connor Hellebuyck with a rebound.
3:17 of 2nd period - Shot by Matthew Nieto.
3:17 of 2nd period - Shot Blocked by Derek Forbort.
4:11 of 2nd period - Shot by Zemgus Girgensons.
4:11 of 2nd period - Shot Hit the Post.
4:29 of 2nd period - Shot by Johnny Gaudreau.
4:29 of 2nd period - Shot Misses the Net.
5:37 of 2nd period - Shot by Evan Rodrigues.
5:37 of 2nd period - Deflect By Jeff Carter.
5:37 of 2nd period - Shot Misses the Net.
5:39 of 2nd period - Shot by Evan Rodrigues.
5:39 of 2nd period - Shot Misses the Net.
5:41 of 2nd period - Shot by Jack Johnson.
5:41 of 2nd period - Shot Blocked by Erik Cernak.
5:43 of 2nd period - Shot by Jack Johnson.
5:43 of 2nd period - Shot Blocked by Erik Cernak.
5:45 of 2nd period - Shot by Evan Rodrigues.
5:45 of 2nd period - Stopped by Connor Hellebuyck with a rebound.
5:53 of 2nd period - Shot by Jeff Carter.
5:53 of 2nd period - Shot Misses the Net.
6:31 of 2nd period - Off-side.
6:32 of 2nd period - Dylan Gambrell wins face-off versus Blake Coleman in neutral zone.
6:55 of 2nd period - Icing by Matthew Nieto.
6:56 of 2nd period - Aliaksei Protas wins face-off versus Dylan Gambrell in LAS VEGAS LIZARD KINGS zone.
7:46 of 2nd period - Blake Coleman is hit by Jack Johnson and loses puck.
8:19 of 2nd period - Shot by Evan Rodrigues.
8:19 of 2nd period - Stopped by Connor Hellebuyck without a rebound.
8:20 of 2nd period - Aliaksei Protas wins face-off versus Ryan Nugent-Hopkins in SAN DIEGO THUNDER zone.
9:17 of 2nd period - Shot by Brandon Hagel.
9:17 of 2nd period - Shot Blocked by Erik Cernak.
9:24 of 2nd period - Minor Penalty to Erik Cernak for Tripping.
9:25 of 2nd period - Jeff Carter wins face-off versus Blake Coleman in SAN DIEGO THUNDER zone.
11:31 of 2nd period - Off-side.
11:32 of 2nd period - Drake Batherson wins face-off versus Sean Monahan in neutral zone.
11:43 of 2nd period - Shot by Drake Batherson.
11:43 of 2nd period - Shot Blocked by Brayden McNabb.
11:45 of 2nd period - Shot by Connor Murphy.
11:45 of 2nd period - Stopped by Mikko Koskinen without a rebound.
11:46 of 2nd period - Dylan Gambrell wins face-off versus Austin Czarnik in LAS VEGAS LIZARD KINGS zone.
12:14 of 2nd period - John Marino is hit by Derek Forbort and loses puck.
12:24 of 2nd period - Andrew Cogliano is hit by Derek Forbort and loses puck.
13:30 of 2nd period - Shot by Jeff Carter.
13:30 of 2nd period - Shot Misses the Net.
13:40 of 2nd period - Shot by Jeff Carter.
13:40 of 2nd period - Shot Hit the Post.
14:19 of 2nd period - John Klingberg is hit by Erik Cernak and loses puck.
15:34 of 2nd period - Shot by Brandon Hagel.
15:34 of 2nd period - Stopped by Connor Hellebuyck with a rebound.
15:36 of 2nd period - Shot by John Marino.
15:36 of 2nd period - Shot Misses the Net.
15:38 of 2nd period - Shot by Zemgus Girgensons.
15:38 of 2nd period - The goal is going for a video replay.
15:38 of 2nd period - The goal is good.
15:38 of 2nd period - Goal by Zemgus Girgensons - LAS VEGAS LIZARD KINGS : 2 - SAN DIEGO THUNDER : 1.
15:39 of 2nd period - Ryan Nugent-Hopkins wins face-off versus Aliaksei Protas in neutral zone.
16:25 of 2nd period - Off-side.
16:26 of 2nd period - Sean Monahan wins face-off versus Logan Couture in neutral zone.
16:54 of 2nd period - Shot by Logan Couture.
16:54 of 2nd period - Stopped by Mikko Koskinen with a rebound.
17:39 of 2nd period - Off-side.
17:40 of 2nd period - Johnny Gaudreau wins face-off versus Blake Coleman in neutral zone.
Goals for this period are 1 for LAS VEGAS LIZARD KINGS vs 0 for SAN DIEGO THUNDER.
Shots for this period are 5 for LAS VEGAS LIZARD KINGS vs 2 for SAN DIEGO THUNDER.

3rd period


0:01 of 3rd period - Ryan Nugent-Hopkins wins face-off versus Blake Coleman in neutral zone.
1:12 of 3rd period - Victor Olofsson is hit by Marcus Foligno and loses puck.
1:23 of 3rd period - Icing by Brandon Saad.
1:24 of 3rd period - Mark Scheifele wins face-off versus Sean Monahan in SAN DIEGO THUNDER zone.
1:31 of 3rd period - Brandon Hagel is hit by Marcus Foligno and loses puck.
1:52 of 3rd period - Brandon Hagel is hit by Alexandre Carrier and loses puck.
1:56 of 3rd period - Brandon Hagel is hit by Alexandre Carrier and loses puck.
2:30 of 3rd period - Evan Rodrigues is hit by Derek Forbort and loses puck.
2:48 of 3rd period - Jeff Carter is hit by Zachary Jones and loses puck.
3:12 of 3rd period - Minor Penalty to Jeff Carter for Tripping.
3:13 of 3rd period - Ryan Nugent-Hopkins wins face-off versus Mark Scheifele in LAS VEGAS LIZARD KINGS zone.
3:26 of 3rd period - Shot by Mark Scheifele.
3:26 of 3rd period - Stopped by Mikko Koskinen with a rebound.
3:28 of 3rd period - Shot by Marcus Foligno.
3:28 of 3rd period - Shot Blocked by Ryan Nugent-Hopkins.
3:53 of 3rd period - Mark Scheifele is hit by Sean Monahan and loses puck.
4:14 of 3rd period - Off-side.
4:15 of 3rd period - Logan Couture wins face-off versus Evan Rodrigues in neutral zone.
4:18 of 3rd period - Matt Roy is hit by Jordan Greenway and loses puck.
4:27 of 3rd period - Shot by Jordan Greenway.
4:27 of 3rd period - Stopped by Mikko Koskinen without a rebound.
4:28 of 3rd period - Logan Couture wins face-off versus Ryan Nugent-Hopkins in LAS VEGAS LIZARD KINGS zone.
4:39 of 3rd period - Shot by Drake Batherson.
4:39 of 3rd period - Goal by Drake Batherson - LAS VEGAS LIZARD KINGS : 2 - SAN DIEGO THUNDER : 2.
4:40 of 3rd period - Dylan Gambrell wins face-off versus Blake Coleman in neutral zone.
4:42 of 3rd period - Off-side.
4:43 of 3rd period - Blake Coleman wins face-off versus Jeff Carter in neutral zone.
6:00 of 3rd period - Shot by Logan Couture.
6:00 of 3rd period - Shot Misses the Net.
6:02 of 3rd period - Shot by Logan Couture.
6:02 of 3rd period - Stopped by Mikko Koskinen without a rebound.
6:03 of 3rd period - Ryan Nugent-Hopkins wins face-off versus Mark Scheifele in LAS VEGAS LIZARD KINGS zone.
6:09 of 3rd period - Marcus Foligno is hit by Brayden McNabb and loses puck.
6:18 of 3rd period - Shot by Mark Scheifele.
6:18 of 3rd period - Shot Misses the Net.
7:15 of 3rd period - Sean Monahan is hit by Erik Cernak.
7:19 of 3rd period - Shot by Brandon Hagel.
7:19 of 3rd period - Goal by Brandon Hagel - LAS VEGAS LIZARD KINGS : 3 - SAN DIEGO THUNDER : 2.
7:20 of 3rd period - Logan Couture wins face-off versus Dylan Gambrell in neutral zone.
7:39 of 3rd period - Shot by Logan Couture.
7:39 of 3rd period - Stopped by Mikko Koskinen with a rebound.
7:54 of 3rd period - Icing by Nick Leddy.
7:55 of 3rd period - Blake Coleman wins face-off versus Dylan Gambrell in LAS VEGAS LIZARD KINGS zone.
8:14 of 3rd period - Shot by Karson Kuhlman.
8:14 of 3rd period - Shot Blocked by Matt Roy.
8:16 of 3rd period - Shot by Blake Coleman.
8:16 of 3rd period - Stopped by Mikko Koskinen without a rebound.
8:17 of 3rd period - Mark Scheifele wins face-off versus Ryan Nugent-Hopkins in LAS VEGAS LIZARD KINGS zone.
8:52 of 3rd period - Icing by Brayden McNabb.
8:53 of 3rd period - Nino Niederreiter wins face-off versus Blake Coleman in LAS VEGAS LIZARD KINGS zone.
8:53 of 3rd period - Nino Niederreiter is hit by Karson Kuhlman.
9:00 of 3rd period - Off-side.
9:01 of 3rd period - Blake Coleman wins face-off versus Sean Monahan in neutral zone.
9:39 of 3rd period - Shot by Isac Lundestrom.
9:39 of 3rd period - Stopped by Mikko Koskinen without a rebound.
9:40 of 3rd period - Mark Scheifele wins face-off versus Ryan Nugent-Hopkins in LAS VEGAS LIZARD KINGS zone.
9:41 of 3rd period - Shot by Brandon Saad.
9:41 of 3rd period - Deflect By Mark Scheifele.
9:41 of 3rd period - Goal by Mark Scheifele - LAS VEGAS LIZARD KINGS : 3 - SAN DIEGO THUNDER : 3.
9:42 of 3rd period - Mark Scheifele wins face-off versus Ryan Nugent-Hopkins in neutral zone.
9:42 of 3rd period - Mark Scheifele is hit by Nino Niederreiter.
10:53 of 3rd period - Shot by Evan Rodrigues.
10:53 of 3rd period - Stopped by Connor Hellebuyck without a rebound.
10:54 of 3rd period - Sean Monahan wins face-off versus Blake Coleman in SAN DIEGO THUNDER zone.
11:09 of 3rd period - Shot by Isac Lundestrom.
11:09 of 3rd period - Stopped by Mikko Koskinen without a rebound.
11:10 of 3rd period - Logan Couture wins face-off versus Jeff Carter in LAS VEGAS LIZARD KINGS zone.
11:19 of 3rd period - Shot by Drake Batherson.
11:19 of 3rd period - Stopped by Mikko Koskinen with a rebound.
12:30 of 3rd period - Shot by Ryan Nugent-Hopkins.
12:30 of 3rd period - Shot Misses the Net.
13:33 of 3rd period - Shot by Sean Monahan.
13:33 of 3rd period - Deflect By Zemgus Girgensons.
13:33 of 3rd period - Shot Blocked by Marcus Foligno.
15:40 of 3rd period - Austin Czarnik is hit by Matt Roy and loses puck.
16:58 of 3rd period - Shot by Nino Niederreiter.
16:58 of 3rd period - Stopped by Connor Hellebuyck without a rebound.
16:59 of 3rd period - Blake Coleman wins face-off versus Brandon Hagel in SAN DIEGO THUNDER zone.
19:36 of 3rd period - Icing by Nino Niederreiter.
19:37 of 3rd period - Mark Scheifele wins face-off versus Ryan Nugent-Hopkins in LAS VEGAS LIZARD KINGS zone.
19:38 of 3rd period - Shot by Brandon Saad.
19:38 of 3rd period - Shot Misses the Net.
19:58 of 3rd period - Shot by Brandon Hagel.
19:58 of 3rd period - Stopped by Connor Hellebuyck with a rebound.
Goals for this period are 1 for LAS VEGAS LIZARD KINGS vs 2 for SAN DIEGO THUNDER.
Shots for this period are 4 for LAS VEGAS LIZARD KINGS vs 10 for SAN DIEGO THUNDER.

Overtime #1


0:01 of 1st overtime period - Ryan Nugent-Hopkins wins face-off versus Mark Scheifele in neutral zone.
0:44 of 1st overtime period - Shot by Mark Scheifele.
0:44 of 1st overtime period - Shot Misses the Net.
2:12 of 1st overtime period - Shot by Marcus Foligno.
2:12 of 1st overtime period - Stopped by Mikko Koskinen without a rebound.
2:13 of 1st overtime period - Mark Scheifele wins face-off versus Victor Olofsson in LAS VEGAS LIZARD KINGS zone.
2:24 of 1st overtime period - Shot by Mark Scheifele.
2:24 of 1st overtime period - Goal by Mark Scheifele - LAS VEGAS LIZARD KINGS : 3 - SAN DIEGO THUNDER : 4.
Goals for this period are 0 for LAS VEGAS LIZARD KINGS vs 1 for SAN DIEGO THUNDER.
Shots for this period are 0 for LAS VEGAS LIZARD KINGS vs 2 for SAN DIEGO THUNDER.


DARCY
KUEMPER
JAKE
OETTINGER
NINO
NIEDERREITER

EAST COAST

HOCKEY LEAGUE

  • 1.CHI2QUE4
  • 2.LIM2CHA3
  • 3.LON3TRV5
  • 4.BAL5CHW6
  • 5.MANPIT
  • 6.NHWATL
  • 7.PETWOR
  • 8.RHI